[Event "Titled Tuesday Blitz March 21 Early 2023"]
[White "Dinu, Dumitru-Daniel"]
[Black "Pniaczek, Marek"]
[WhiteFideId "1208403"]
[BlackFideId "21800421"]
[WhiteElo "2240"]
[BlackElo "2138"]
[Result "0-1"]
[Round "05"]
[TimeControl "180+2"]
[Date "2023.03.21"]
[WhiteClock "0:00:05"]
[BlackClock "0:00:09"]

1. e4 e5 2. Nf3 Nc6 3. Bb5 a6 4. Ba4 Nf6 5. d3 b5 6. Bb3 Bc5 7. O-O d6 8. c3 O-O 9. Re1 Bb6 10. Nbd2 Bb7 11. Nf1 Ne7 12. Be3 Bxe3 13. Nxe3 Ng6 14. Nf5 c5 15. Ng5 h6 16. Nh3 d5 17. exd5 Nxd5 18. Qh5 Ndf4 19. Nxf4 Nxf4 20. Qg4 Qf6 21. Re3 h5 22. Ne7+ Kh8 23. Qg3 Nxg2 24. Rxe5 Nf4 25. Rae1 g6 26. Rxc5 Rfe8 27. Rce5 Rad8 28. Nxg6+ fxg6 29. Rxe8+ Rxe8 30. Rxe8+ Kg7 31. d4 Bc6 32. Re1 Ng2 33. Rf1 Nh4 34. f3 Nxf3+ 35. Rxf3 Bxf3 36. Qc7+ Kh6 37. Bc2 Qg5+ 38. Kf2 Qg2+ 39. Ke3 Qe2+ 40. Kf4 g5+ 41. Kf5 Qxc2+ 42. Kf6 Qg6+ 43. Ke5 Qg7+ 0-1


[Site "https://www.chess.com"]

[Event "Titled Tuesday Blitz March 21 Early 2023"]
[White "Tomaszewski, Kacper"]
[Black "Putri, Regita Desyari"]
[WhiteFideId "1127373"]
[BlackFideId "7109083"]
[WhiteElo "2211"]
[BlackElo "1930"]
[Result "1-0"]
[Round "05"]
[TimeControl "180+2"]
[Date "2023.03.21"]
[WhiteClock "0:01:14"]
[BlackClock "0:00:13"]

1. e4 e5 2. Nf3 Nc6 3. Nc3 Nf6 4. h3 Bc5 5. Nxe5 Nxe5 6. d4 Bb4 7. dxe5 Nxe4 8. Qd4 Bxc3+ 9. bxc3 Ng5 10. f4 Ne6 11. Qf2 Qe7 12. Be3 d6 13. exd6 cxd6 14. Be2 O-O 15. O-O f5 16. Rae1 Qc7 17. c4 Bd7 18. g4 Nc5 19. Bf3 Rae8 20. Bd5+ Kh8 21. g5 b6 22. Qh4 Qd8 23. Bd4 Ne4 24. Qh6 1-0


[Site "https://www.chess.com"]

[Event "Titled Tuesday Blitz March 21 Early 2023"]
[White "Vivas Zamora, Fabian Ernesto"]
[Black "Fernandez Hernandez, Gerardo"]
[WhiteFideId "3902480"]
[BlackFideId "2207400"]
[WhiteElo "2262"]
[BlackElo "2209"]
[Result "0-1"]
[Round "05"]
[TimeControl "180+2"]
[Date "2023.03.21"]
[WhiteClock "0:00:01"]
[BlackClock "0:00:52"]

1. c4 e5 2. Nc3 Nc6 3. Nf3 g6 4. d4 exd4 5. Nxd4 Bg7 6. Nxc6 bxc6 7. g3 Nf6 8. Bg2 O-O 9. O-O Rb8 10. Qc2 d5 11. Rd1 Be6 12. Be3 a5 13. Bc5 Re8 14. e4 Nd7 15. cxd5 cxd5 16. Ba3 d4 17. Ne2 c5 18. Rac1 Bxa2 19. Rd2 Bb3 20. Qb1 Qb6 21. Bh3 Ne5 22. Bg2 Nd7 23. Bh3 Ne5 24. Kg2 c4 0-1


[Site "https://www.chess.com"]

[Event "Titled Tuesday Blitz March 21 Early 2023"]
[White "Fabris, Alberto"]
[Black "Vedder, Richard"]
[WhiteFideId "801348"]
[BlackFideId "1004166"]
[WhiteElo "2202"]
[BlackElo "2168"]
[Result "0-1"]
[Round "05"]
[TimeControl "180+2"]
[Date "2023.03.21"]
[WhiteClock "0:00:03"]
[BlackClock "0:00:43"]

1. e4 e5 2. Nf3 Nc6 3. Bc4 Nf6 4. d3 h6 5. c3 d6 6. h3 g6 7. Be3 Bg7 8. Nbd2 O-O 9. a3 d5 10. exd5 Nxd5 11. Bc5 Re8 12. a4 Nf4 13. Ne4 Nxg2+ 14. Kf1 Nf4 15. Be3 Bxh3+ 16. Kg1 Bg4 17. Bxf7+ Kxf7 18. Nfg5+ hxg5 19. Qxg4 Ne6 20. Bxg5 Qxd3 21. Rd1 Qc2 22. Rd7+ Ne7 23. Rh7 Qxa4 24. Qxe6+ Kxe6 25. Nc5+ Kf5 26. Nxa4 Kxg5 27. Rxg7 Kf6 28. Rh7 Rac8 29. Nc5 b6 30. Ne4+ Ke6 31. Rd1 Rh8 32. Ng5+ Kf5 33. Rxe7 Kxg5 34. Rxe5+ Kf6 35. Red5 Rh5 36. Rd7 a5 37. R1d4 Rf5 38. Kg2 b5 39. R4d5 Rxd5 40. Rxd5 c6 41. Rd6+ Kf5 42. Kf3 g5 43. Rd7 a4 44. Rf7+ Ke6 45. Rg7 Rf8+ 46. Kg3 Rf5 47. Rg6+ Kd5 48. Rg8 Kc4 49. f3 a3 50. bxa3 Kxc3 51. Rc8 Rc5 52. f4 gxf4+ 53. Kxf4 Kb3 54. Ra8 Rc4+ 55. Ke3 Ra4 56. Rc8 Ra6 57. Kd3 Kxa3 58. Kc3 b4+ 59. Kc4 Rb6 60. Ra8+ Kb2 61. Kc5 Rb5+ 62. Kxc6 Rh5 63. Rg8 b3 64. Rg2+ Ka3 65. Rg8 b2 66. Ra8+ Kb3 67. Rb8+ Kc2 0-1


[Site "https://www.chess.com"]

[Event "Titled Tuesday Blitz March 21 Early 2023"]
[White "Chernov, Mikhail"]
[Black "Kiseleva, Arina"]
[WhiteFideId "24143170"]
[BlackFideId "4164989"]
[WhiteElo "2113"]
[BlackElo "1756"]
[Result "1-0"]
[Round "05"]
[TimeControl "180+2"]
[Date "2023.03.21"]
[WhiteClock "0:01:06"]
[BlackClock "0:00:02"]

1. d4 Nf6 2. Nc3 d5 3. Bf4 c6 4. e3 h6 5. Nf3 Bf5 6. Ne5 Nbd7 7. g4 Bh7 8. h4 Nxe5 9. dxe5 Ne4 10. e6 fxe6 11. Nxe4 Bxe4 12. f3 Qa5+ 13. Kf2 Bg6 14. Bd3 Bxd3 15. Qxd3 O-O-O 16. b4 Qb5 17. Qd4 Kd7 18. Qxa7 e5 19. Bxe5 e6 20. a4 Qa6 21. Qd4 Rg8 22. b5 Qa5 23. bxc6+ Kxc6 24. Rhb1 Bc5 25. Qd3 b6 26. Rb5 Qa7 27. a5 Ra8 28. axb6 Qxa1 29. Bxa1 Rxa1 30. Rxc5+ Kxc5 31. Qc3+ Kxb6 32. Qxa1 g5 33. h5 Rc8 34. Qf6 Rxc2+ 35. Kg3 Rc6 36. Qxh6 e5 37. Qxg5 d4 38. exd4 exd4 39. Qd5 1-0


[Site "https://www.chess.com"]

[Event "Titled Tuesday Blitz March 21 Early 2023"]
[White "Gatterer, Florian"]
[Black "Hernandez Bonilla, Amelia"]
[WhiteFideId "811688"]
[BlackFideId "3900193"]
[WhiteElo "2221"]
[BlackElo "2193"]
[Result "1/2-1/2"]
[Round "05"]
[TimeControl "180+2"]
[Date "2023.03.21"]
[WhiteClock "0:02:10"]
[BlackClock "0:01:59"]

1. d4 Nf6 2. Nf3 e6 3. g3 d5 4. Bg2 Be7 5. O-O O-O 6. c4 dxc4 7. Qc2 c5 8. dxc5 Bxc5 9. Ne5 Nbd7 10. Nxc4 Qe7 11. Nc3 a6 12. a3 Rb8 13. b4 Ba7 14. Bf4 e5 15. Bg5 h6 16. Nd5 Qe6 17. Nc7 1/2-1/2


[Site "https://www.chess.com"]

[Event "Titled Tuesday Blitz March 21 Early 2023"]
[White "Jimenez Jimenez, Leandro"]
[Black "Bongo Akanga Ndjila, Barthelemy"]
[WhiteFideId "6415253"]
[BlackFideId "10609431"]
[WhiteElo "2263"]
[BlackElo "1768"]
[Result "1-0"]
[Round "05"]
[TimeControl "180+2"]
[Date "2023.03.21"]
[WhiteClock "0:00:27"]
[BlackClock "0:00:49"]

1. d4 d5 2. c4 e6 3. Nc3 a6 4. c5 Nc6 5. Nf3 g6 6. Bg5 f6 7. Bh4 Bg7 8. e4 Nge7 9. exd5 Nxd5 10. Bc4 O-O 11. O-O Nce7 12. Re1 Nf5 13. Bg3 Nxg3 14. hxg3 c6 15. Ne4 Qa5 16. a3 Bd7 17. Nd6 Qc7 18. b4 b6 19. Nd2 a5 20. Qb3 axb4 21. axb4 Rxa1 22. Rxa1 bxc5 23. bxc5 Rb8 24. Qa4 f5 25. Nf3 e5 26. dxe5 Be6 27. Ng5 Qe7 28. Nxe6 Qxe6 29. Qxc6 Qxe5 30. Bxd5+ Kf8 31. Ra7 1-0


[Site "https://www.chess.com"]

[Event "Titled Tuesday Blitz March 21 Early 2023"]
[White "lluiss"]
[Black "Hoffmann, Asa"]
[BlackFideId "2001470"]
[WhiteElo "2163"]
[BlackElo "2117"]
[Result "0-1"]
[Round "05"]
[TimeControl "180+2"]
[Date "2023.03.21"]
[WhiteClock "0:00:02"]
[BlackClock "0:00:49"]

1. Nf3 d6 2. d4 Bg4 3. c4 Nf6 4. Qb3 Qc8 5. Nbd2 Nc6 6. h3 Bh5 7. g3 e5 8. dxe5 dxe5 9. Bg2 Be7 10. O-O O-O 11. Re1 h6 12. e3 Rd8 13. Nh4 a5 14. a3 a4 15. Qc3 g5 16. Nhf3 Qe6 17. Nf1 Ne4 18. Qc2 Bg6 19. Qe2 Nc5 20. e4 Bxe4 21. Nxg5 Bxg5 22. Bxe4 Nd4 23. Qh5 Nxe4 24. Rxe4 Qg6 25. Qxg6+ fxg6 26. Bxg5 hxg5 27. Rae1 Nc6 28. R1e2 Rd4 29. Rxd4 exd4 30. Nd2 Kf7 31. Kg2 Rd8 32. Nf3 Kf6 33. Rd2 d3 34. Ne1 Ne5 35. f4 gxf4 36. gxf4 Nxc4 37. Rxd3 Re8 0-1


[Site "https://www.chess.com"]

[Event "Titled Tuesday Blitz March 21 Early 2023"]
[White "Vargas Rodriguez, Wilver"]
[Black "Jakubowska, Anna"]
[WhiteFideId "3509672"]
[BlackFideId "1121952"]
[WhiteElo "2238"]
[BlackElo "2001"]
[Result "0-1"]
[Round "05"]
[TimeControl "180+2"]
[Date "2023.03.21"]
[WhiteClock "0:00:06"]
[BlackClock "0:00:10"]

1. e4 Nf6 2. Nc3 d5 3. Nxd5 Nxd5 4. exd5 Qxd5 5. Nf3 Bg4 6. Be2 e6 7. O-O Be7 8. c4 Qh5 9. d4 c6 10. Bf4 Nd7 11. Qb3 b6 12. Rfe1 O-O 13. h3 Bxf3 14. Bxf3 Qf5 15. Bg3 Rac8 16. Rad1 Bf6 17. Qe3 Rfd8 18. b4 Bg5 19. Qe2 Nf6 20. Be5 h6 21. a4 Bf4 22. Bxf6 Qxf6 23. Qe4 Bd6 24. c5 Bc7 25. Be2 Rd5 26. Bd3 g6 27. Bc4 Rf5 28. Qe2 Rg5 29. Qe3 Rd8 30. b5 cxb5 31. axb5 bxc5 32. dxc5 Rxd1 33. Rxd1 Kg7 34. c6 Bb6 35. Qe2 Rf5 36. Rf1 Rf4 37. Ba2 Rb4 38. Bc4 Rb2 39. Qf3 Qd4 0-1


[Site "https://www.chess.com"]

[Event "Titled Tuesday Blitz March 21 Early 2023"]
[White "rikchessmx"]
[Black "Tarnowska, Aleksandra"]
[BlackFideId "1180967"]
[WhiteElo "2404"]
[BlackElo "1776"]
[Result "1-0"]
[Round "05"]
[TimeControl "180+2"]
[Date "2023.03.21"]
[WhiteClock "0:02:20"]
[BlackClock "0:00:07"]

1. e4 c5 2. Nf3 e6 3. d4 cxd4 4. Nxd4 a6 5. Nc3 Qc7 6. Bd3 Nc6 7. Nxc6 bxc6 8. O-O d5 9. Qe2 d4 10. Nd1 Nf6 11. f4 Be7 12. b3 Bb7 13. Nb2 c5 14. Nc4 Nd7 15. Bd2 O-O 16. Rf3 e5 17. Rh3 exf4 18. Bxf4 Qxf4 19. Rf1 Qg5 20. Rg3 Qh6 21. Rh3 Qg5 22. Rf5 Qg6 23. Rg3 Qh6 24. Rh5 Qf6 25. e5 1-0


[Site "https://www.chess.com"]

[Event "Titled Tuesday Blitz March 21 Early 2023"]
[White "Fernandez Hernandez, Arturo A."]
[Black "Torres Dominguez, David"]
[WhiteFideId "3509230"]
[BlackFideId "2220857"]
[WhiteElo "2393"]
[BlackElo "1999"]
[Result "1-0"]
[Round "05"]
[TimeControl "180+2"]
[Date "2023.03.21"]
[WhiteClock "0:00:33"]
[BlackClock "0:00:08"]

1. e4 e5 2. Nf3 Nc6 3. Bc4 Bc5 4. c3 Nf6 5. Qe2 d6 6. O-O Bg4 7. h3 Bh5 8. d3 a6 9. a4 Ba7 10. b4 h6 11. Be3 g5 12. Bxa7 Rxa7 13. Qe3 Ra8 14. Nbd2 Bg6 15. b5 axb5 16. axb5 Na5 17. Ba2 b6 18. d4 Qe7 19. dxe5 dxe5 20. Bd5 Rd8 21. c4 O-O 22. Qc3 Nd7 23. Rfe1 Kg7 24. Nf1 f6 25. Ne3 Nc5 26. Nf5+ Bxf5 27. exf5 Qd7 28. g4 Nab7 29. Ra7 Nd6 30. Nxe5 fxe5 31. Qxe5+ Rf6 32. Qe7+ Qxe7 33. Rxe7+ 1-0


[Site "https://www.chess.com"]

[Event "Titled Tuesday Blitz March 21 Early 2023"]
[White "Semenova, Alina"]
[Black "Meunier-Pion, Jean"]
[WhiteFideId "24113875"]
[BlackFideId "20685327"]
[WhiteElo "1833"]
[BlackElo "2124"]
[Result "0-1"]
[Round "05"]
[TimeControl "180+2"]
[Date "2023.03.21"]
[WhiteClock "0:00:07"]
[BlackClock "0:01:42"]

1. e4 e5 2. Nf3 Nc6 3. Bb5 a6 4. Ba4 Nf6 5. O-O b5 6. Bb3 Be7 7. d4 d6 8. dxe5 dxe5 9. Qxd8+ Bxd8 10. Re1 O-O 11. Nc3 Re8 12. Nd5 Nd4 13. Nxd4 exd4 14. e5 Nd7 15. Bf4 c5 16. a3 c4 17. Ba2 Bb7 18. e6 fxe6 19. Nc7 Bxc7 20. Bxc7 e5 21. Ba5 Re6 22. Bd2 Rg6 23. g3 e4 24. Rad1 Ne5 25. Rf1 Nf3+ 26. Kg2 Nxd2 27. Rxd2 e3+ 28. f3 exd2 29. Rd1 Rf8 30. Rxd2 Rxf3 31. Kg1 Rgf6 32. h4 Rf1+ 33. Kh2 Rh1# 0-1


[Site "https://www.chess.com"]

[Event "Titled Tuesday Blitz March 21 Early 2023"]
[White "Belozerov, Andrei"]
[Black "Afanasieva, Alexandra"]
[WhiteFideId "4120213"]
[BlackFideId "34126926"]
[WhiteElo "2360"]
[BlackElo "1763"]
[Result "1-0"]
[Round "05"]
[TimeControl "180+2"]
[Date "2023.03.21"]
[WhiteClock "0:01:59"]
[BlackClock "0:01:37"]

1. e4 c5 2. Nf3 e6 3. d4 cxd4 4. Nxd4 Nf6 5. Nc3 Nc6 6. Ndb5 d6 7. Bf4 e5 8. Bg5 a6 9. Na3 b5 10. Nd5 Be7 11. Bxf6 Bxf6 12. c3 Rb8 13. Nc2 Bg5 14. a4 bxa4 15. Ncb4 Nxb4 16. cxb4 O-O 17. Rxa4 Be6 18. Bxa6 Bxd5 19. Qxd5 Kh8 20. O-O f5 21. exf5 Rxf5 22. Bd3 Rf4 23. Be4 h5 24. g3 Rf6 25. b5 Qb6 26. Ra6 Qd8 27. b6 Rf8 28. b7 1-0


[Site "https://www.chess.com"]

[Event "Titled Tuesday Blitz March 21 Early 2023"]
[White "Silva, Caio Henrique Angelico"]
[Black "Prado, Alexandra"]
[WhiteFideId "22777210"]
[BlackFideId "3301346"]
[WhiteElo "2096"]
[BlackElo "1759"]
[Result "1-0"]
[Round "05"]
[TimeControl "180+2"]
[Date "2023.03.21"]
[WhiteClock "0:01:34"]
[BlackClock "0:00:02"]

1. d4 Nf6 2. Nf3 g6 3. g3 Bg7 4. Bg2 d6 5. O-O O-O 6. c4 Nc6 7. Nc3 a6 8. e4 Bg4 9. Be3 Bxf3 10. Bxf3 e5 11. d5 Ne7 12. b4 Nd7 13. c5 f5 14. Bg2 f4 15. Bd2 g5 16. Bh3 Nf6 17. Be6+ Kh8 18. cxd6 cxd6 19. b5 Ng6 20. bxa6 bxa6 21. Rb1 h5 22. Rb7 g4 23. Qa4 h4 24. Qc6 hxg3 25. fxg3 f3 26. Bg5 Qa5 27. Qc7 Qxc7 28. Rxc7 Ne8 29. Rb7 a5 30. Nb5 Rc8 31. Bxc8 1-0


[Site "https://www.chess.com"]

[Event "Titled Tuesday Blitz March 21 Early 2023"]
[White "Ruge, Edison"]
[Black "Forgacs, Attila Jr."]
[WhiteFideId "4401000"]
[BlackFideId "773654"]
[WhiteElo "2175"]
[BlackElo "2168"]
[Result "0-1"]
[Round "05"]
[TimeControl "180+2"]
[Date "2023.03.21"]
[WhiteClock "0:00:02"]
[BlackClock "0:00:02"]

1. e4 a6 2. f4 b5 3. Nf3 Bb7 4. d3 e6 5. a4 c5 6. axb5 axb5 7. Rxa8 Bxa8 8. Be3 Nf6 9. Be2 d5 10. e5 Ng4 11. Bg1 d4 12. Nbd2 Be7 13. g3 O-O 14. h3 Nh6 15. Bf2 f6 16. exf6 Bxf6 17. O-O Nf5 18. Ne4 Be7 19. g4 Ne3 20. Bxe3 dxe3 21. Ne5 Nd7 22. Nxd7 Qxd7 23. c3 c4 24. Qc2 cxd3 25. Qxd3 Qxd3 26. Bxd3 Bh4 27. Ng5 Bf2+ 28. Kh2 Rxf4 29. Bxh7+ Kh8 30. Ra1 Bd5 31. Ra6 e2 32. Rd6 Bg1+ 33. Kg3 e1=Q+ 34. Kxf4 Qe3# 0-1


[Site "https://www.chess.com"]

[Event "Titled Tuesday Blitz March 21 Early 2023"]
[White "babbilator"]
[Black "Valle Maytin, Luis Enrique"]
[BlackFideId "3503666"]
[WhiteElo "2223"]
[BlackElo "2225"]
[Result "0-1"]
[Round "05"]
[TimeControl "180+2"]
[Date "2023.03.21"]
[WhiteClock "0:00:07"]
[BlackClock "0:00:38"]

1. e4 c6 2. d4 d5 3. e5 c5 4. dxc5 e6 5. a3 Bxc5 6. Nf3 Ne7 7. b4 Bb6 8. Bb2 Ng6 9. Bd3 a5 10. O-O Nd7 11. Re1 Qe7 12. Qd2 O-O 13. c4 axb4 14. axb4 Rxa1 15. Bxa1 dxc4 16. Bxc4 Rd8 17. Qb2 Nh4 18. Nbd2 Nf8 19. g3 Nf5 20. Qb3 Bd7 21. Ne4 Bc6 22. h4 Qd7 23. Kh2 Bxe4 24. Rxe4 Bxf2 25. Rg4 Qc6 26. Ng5 h5 27. Rf4 Bxg3+ 0-1


[Site "https://www.chess.com"]

[Event "Titled Tuesday Blitz March 21 Early 2023"]
[White "ritanovikova"]
[Black "Bhavikatti, Neil"]
[BlackFideId "30935024"]
[WhiteElo "2213"]
[BlackElo "2336"]
[Result "0-1"]
[Round "05"]
[TimeControl "180+2"]
[Date "2023.03.21"]
[WhiteClock "0:00:06"]
[BlackClock "0:00:36"]

1. e4 e5 2. Nf3 Nc6 3. Bb5 a6 4. Ba4 Nf6 5. Nc3 b5 6. Bb3 Be7 7. d3 d6 8. h3 Na5 9. O-O Nxb3 10. axb3 Bb7 11. Bg5 O-O 12. Re1 c5 13. Bxf6 Bxf6 14. Nd5 Bxd5 15. exd5 a5 16. c4 e4 17. dxe4 Bxb2 18. Ra2 Be5 19. Nxe5 dxe5 20. cxb5 Qb6 21. Qd3 Rfb8 22. Rea1 Qxb5 23. Qxb5 Rxb5 24. f3 f6 25. Kf2 Kf7 26. Rc1 Ke7 27. Rca1 Kd6 28. Ra4 Rxb3 29. Rxa5 Rxa5 30. Rxa5 c4 31. Ra6+ Kc5 32. Rc6+ Kd4 33. d6 Rb2+ 34. Kg3 Rb7 35. Rc7 Rb6 36. Rxg7 Rxd6 37. Rxh7 c3 38. Rc7 Kd3 39. h4 Rd4 40. Ra7 c2 41. Ra1 Rb4 42. Rc1 Rb1 43. Rxc2 Kxc2 44. Kg4 Rh1 45. Kf5 Rxh4 46. Kxf6 Kd3 47. Kxe5 Ke3 48. g4 Kxf3 49. g5 Rxe4+ 50. Kf5 Rf4+ 51. Kg6 Kg4 52. Kh6 Kf5 53. g6 Rg4 54. g7 Kf6 55. Kh7 Rxg7+ 56. Kh8 Rg1 0-1


[Site "https://www.chess.com"]

[Event "Titled Tuesday Blitz March 21 Early 2023"]
[White "salgadoLO"]
[Black "Levitan, Caleb Levi"]
[BlackFideId "14332620"]
[WhiteElo "2177"]
[BlackElo "1963"]
[Result "1-0"]
[Round "05"]
[TimeControl "180+2"]
[Date "2023.03.21"]
[WhiteClock "0:00:06"]
[BlackClock "0:00:12"]

1. d4 d5 2. c4 e6 3. Nc3 a6 4. cxd5 exd5 5. Bf4 Nf6 6. e3 c5 7. Nf3 Nc6 8. Be2 Be7 9. dxc5 Bxc5 10. O-O O-O 11. Bg5 Be6 12. Rc1 Be7 13. Nd4 Nxd4 14. Qxd4 h6 15. Bh4 Rc8 16. Rfd1 b5 17. a3 Qd7 18. Bf3 Rc4 19. Bxf6 Rxd4 20. Bxd4 Rc8 21. Ne2 Rc4 22. Nf4 Qc6 23. Ne2 Bc5 24. b3 Bxd4 25. bxc4 Bb2 26. cxd5 Qe8 27. Rc2 Bxa3 28. dxe6 Qxe6 29. Nd4 Qg6 30. Rc6 Qg5 31. Be4 g6 32. Rxa6 b4 33. Nc2 Qc5 34. Nxa3 bxa3 35. Ra1 Qc4 36. R6xa3 Qxe4 37. h3 Kg7 38. Ra7 h5 39. Rc1 Qb4 40. Rcc7 Qb1+ 41. Kh2 Qb8 42. g3 h4 43. Rxf7+ Kh6 44. Rh7+ Kg5 45. Raf7 hxg3+ 46. fxg3 Qb2+ 47. Kg1 Qc1+ 48. Kg2 Qd2+ 49. Rf2 Qxe3 50. Rhf7 Qe4+ 51. Kh2 Kh6 52. R7f4 Qe5 53. Rf7 Qe4 54. Rd7 Qe6 55. Rdf7 Qd6 56. R7f6 Qd5 57. h4 Qd4 58. R6f4 Qe5 59. Rg4 Qe3 60. Rf6 Qe2+ 61. Kh3 Kh5 62. Rg5+ Kh6 63. Rfxg6+ Kh7 64. Rg7+ Kh8 65. R7g6 Kh7 66. Rg7+ Kh8 67. Rf7 Qe6+ 68. Rff5 Kh7 69. Kg4 Kh6 70. Kf4 Qc4+ 71. Kf3 Qd3+ 72. Kg2 Qe4+ 73. Rf3 Qe2+ 74. Rf2 Qe4+ 75. Kh2 Qe6 76. Rgf5 Qe3 77. R5f4 Qd3 78. g4 Qe3 79. Rf6+ Kg7 80. R6f3 Qe4 81. Kg3 Qe5+ 82. Rf4 Qe3+ 83. Kg2 Qe5 84. h5 Qg5 85. Kg3 Qe5 86. Kh4 Qe7+ 87. g5 Qe1 88. Rf7+ Kg8 89. Rf8+ Kg7 90. Rf4 Qh1+ 91. Kg4 Qg1+ 92. Kf5 Qb1+ 93. Kg4 Qd1+ 94. Kh3 Qh1+ 95. Kg3 Qg1+ 96. Rg2 Qe3+ 97. Kg4 Qe6+ 98. Kh4 Qe1+ 99. Kh3 Qh1+ 100. Kg3 Qe1+ 101. Rff2 Qe3+ 102. Kh2 Qe5+ 103. Kg1 Qe1+ 104. Rf1 Qe3+ 105. Rgf2 Qg3+ 106. Rg2 Qe3+ 107. Rff2 Qe1+ 108. Kh2 Qe5+ 109. Rg3 Qe8 110. h6+ Kh7 111. g6+ Kxh6 112. g7 Kh7 113. g8=Q+ Qxg8 114. Rxg8 Kxg8 115. Kg3 Kg7 116. Kg4 Kg6 117. Rf5 Kg7 118. Kg5 Kh7 119. Rf7+ Kg8 120. Kg6 Kh8 121. Rf8# 1-0


[Site "https://www.chess.com"]

[Event "Titled Tuesday Blitz March 21 Early 2023"]
[White "Sabar, Ethmane Daouda"]
[Black "Tanmay Jain"]
[WhiteFideId "19600097"]
[BlackFideId "45015481"]
[WhiteElo "1950"]
[BlackElo "2032"]
[Result "0-1"]
[Round "05"]
[TimeControl "180+2"]
[Date "2023.03.21"]
[WhiteClock "0:00:07"]
[BlackClock "0:00:12"]

1. e4 c6 2. d4 g6 3. Nc3 Bg7 4. Be3 d5 5. f3 e6 6. Qd2 b6 7. O-O-O Bb7 8. Nge2 Nd7 9. Kb1 Qe7 10. e5 O-O-O 11. Bg5 f6 12. exf6 Bxf6 13. Bxf6 Ngxf6 14. Nf4 e5 15. dxe5 Nxe5 16. Re1 Qd6 17. Bd3 Rhe8 18. h3 Kb8 19. Re2 a6 20. Rhe1 c5 21. Rf2 c4 22. Bf1 d4 23. Ne4 Nxe4 24. fxe4 Qc5 25. Nd5 c3 26. bxc3 Bxd5 27. exd5 dxc3 28. Qf4 Rxd5 29. Ka1 Red8 30. Bd3 Qa3 31. Rb1 Ra5 32. Bc4 Rd1 33. Rf1 Qb2# 0-1


[Site "https://www.chess.com"]

[Event "Titled Tuesday Blitz March 21 Early 2023"]
[White "Kuchava, Ana"]
[Black "Manukian, Artak"]
[WhiteFideId "13605348"]
[BlackFideId "13301373"]
[WhiteElo "2001"]
[BlackElo "2130"]
[Result "0-1"]
[Round "05"]
[TimeControl "180+2"]
[Date "2023.03.21"]
[WhiteClock "0:00:01"]
[BlackClock "0:00:09"]

1. d4 d5 2. Nf3 Nf6 3. c4 dxc4 4. e3 e6 5. Bxc4 c5 6. O-O a6 7. a4 Nc6 8. Nc3 cxd4 9. exd4 Be7 10. Bg5 O-O 11. Qd3 Nb4 12. Qe2 b6 13. Rad1 Bb7 14. Ne5 Nfd5 15. Bd2 Rc8 16. Bb3 Nf6 17. Bc1 Nbd5 18. Rd3 Nxc3 19. bxc3 Ne4 20. Bb2 Bf6 21. f4 g6 22. Re3 Nd6 23. Ba3 Re8 24. Bxd6 Qxd6 25. f5 Bxe5 26. dxe5 Qc5 27. f6 Red8 28. Kh1 Bd5 29. Bc2 Bc4 30. Bd3 a5 31. Bxc4 Qxc4 32. Qf2 Rd2 33. Qg1 Rcd8 34. h3 Qxa4 35. Qh2 Qh4 36. Rg3 Rd1 37. Rg1 Rxg1+ 38. Kxg1 Qe4 39. Rf3 Rd1+ 40. Kf2 Qe1# 0-1


[Site "https://www.chess.com"]

[Event "Titled Tuesday Blitz March 21 Early 2023"]
[White "Alahakoon, Isuru"]
[Black "Sanchez, Robert"]
[WhiteFideId "9900993"]
[BlackFideId "2034360"]
[WhiteElo "1995"]
[BlackElo "2174"]
[Result "1-0"]
[Round "05"]
[TimeControl "180+2"]
[Date "2023.03.21"]
[WhiteClock "0:00:14"]
[BlackClock "0:01:19"]

1. Nf3 d5 2. e3 c5 3. b3 Nc6 4. Bb2 Nf6 5. Bb5 Bd7 6. O-O e6 7. c4 dxc4 8. Bxc4 Be7 9. Nc3 O-O 10. Qe2 a6 11. d4 b5 12. Bd3 cxd4 13. exd4 Nb4 14. Bb1 Bc6 15. Ne5 Bb7 16. Re1 Rc8 17. a3 Nbd5 18. Ne4 Nf4 19. Qf3 Ng6 20. Nxf6+ gxf6 21. Qxb7 fxe5 22. dxe5 Qd2 23. Bxg6 hxg6 24. Qxe7 Qxb2 25. b4 Rc2 26. Qf6 Rfc8 27. Rad1 Rc1 28. h4 Rxd1 29. Rxd1 Qxa3 30. Rd7 Rf8 31. h5 Qc1+ 32. Kh2 gxh5 33. Rd3 Kh7 34. Rg3 Qh6 35. Qf3 f6 36. Rh3 fxe5 37. Qe4+ Qg6 38. Rxh5+ Kg7 39. Qxe5+ Rf6 40. Rg5 1-0


[Site "https://www.chess.com"]

[Event "Titled Tuesday Blitz March 21 Early 2023"]
[White "Biriukov, Ilja"]
[Black "Larina, Maria"]
[WhiteFideId "4113373"]
[BlackFideId "24113182"]
[WhiteElo "2426"]
[BlackElo "1848"]
[Result "1-0"]
[Round "05"]
[TimeControl "180+2"]
[Date "2023.03.21"]
[WhiteClock "0:00:48"]
[BlackClock "0:00:11"]

1. c4 f5 2. Nc3 Nf6 3. g3 g6 4. Bg2 Bg7 5. e3 d6 6. Nge2 O-O 7. O-O e5 8. d3 Nc6 9. Rb1 a5 10. a3 g5 11. f4 gxf4 12. gxf4 Qe8 13. Nd5 Qf7 14. b4 axb4 15. axb4 e4 16. b5 Nd8 17. Nec3 exd3 18. Qxd3 Ng4 19. h3 Nh6 20. b6 c6 21. Nc7 Ra5 22. Ne2 Ra2 23. Nd4 Qg6 24. Rf2 Rxf2 25. Kxf2 Bf6 26. Nf3 Be7 27. Bb2 Nhf7 28. Qc3 Qh6 29. Rg1 Bh4+ 30. Nxh4 Qxh4+ 31. Kf1 1-0


[Site "https://www.chess.com"]

[Event "Titled Tuesday Blitz March 21 Early 2023"]
[White "th3d4rkness"]
[Black "Fajdetic, Hrvoje"]
[BlackFideId "14501945"]
[WhiteElo "2118"]
[BlackElo "2185"]
[Result "0-1"]
[Round "05"]
[TimeControl "180+2"]
[Date "2023.03.21"]
[WhiteClock "0:00:04"]
[BlackClock "0:00:40"]

1. e4 e6 2. d3 c5 3. Nd2 Nc6 4. Ngf3 d6 5. g3 e5 6. Bg2 g6 7. O-O Bg7 8. Re1 Nge7 9. Nf1 h6 10. h3 O-O 11. c3 f5 12. Ne3 f4 13. Nd5 Nxd5 14. exd5 Ne7 15. c4 g5 16. Rb1 a5 17. a3 Bf5 18. b4 axb4 19. axb4 b6 20. bxc5 bxc5 21. g4 Bg6 22. Qc2 Bf6 23. Nd2 h5 24. Be4 Kg7 25. Bxg6 Nxg6 26. Ne4 hxg4 27. hxg4 Ra7 28. Rb6 Rd7 29. f3 Nh4 30. Rb2 Nxf3+ 31. Kf2 Nxe1 32. Kxe1 Rh8 33. Qg2 Qa5+ 34. Kd1 Qa4+ 35. Ke1 Bd8 36. Nf2 Ba5+ 37. Kf1 Bc3 38. Re2 Qa1 39. Qe4 Qxc1+ 40. Kg2 f3+ 41. Qxf3 Rf7 42. Qe4 Bd4 0-1


[Site "https://www.chess.com"]

[Event "Titled Tuesday Blitz March 21 Early 2023"]
[White "Michalski, Olaf"]
[Black "Thiel, Thomas"]
[WhiteFideId "1106740"]
[BlackFideId "4615964"]
[WhiteElo "2173"]
[BlackElo "2239"]
[Result "0-1"]
[Round "05"]
[TimeControl "180+2"]
[Date "2023.03.21"]
[WhiteClock "0:00:08"]
[BlackClock "0:01:18"]

1. d4 Nf6 2. c4 g6 3. Nc3 d5 4. cxd5 Nxd5 5. e4 Nxc3 6. bxc3 Bg7 7. Be3 c5 8. Qd2 O-O 9. Rc1 Qa5 10. Nf3 cxd4 11. cxd4 Qxd2+ 12. Nxd2 e6 13. Be2 Nc6 14. Nb3 Rd8 15. Rc4 a5 16. a4 Nb4 17. O-O b6 18. Rc7 Bd7 19. Ra1 Rac8 20. Rb7 Rb8 21. Rc7 Bc6 22. f3 Rdc8 23. Ra7 Nc2 24. Bf4 Nxa1 0-1


[Site "https://www.chess.com"]